AoeStats
← JLTijs07

Arabia

510485812Analyzed
1v1 RM · 9h ago on Oct 1, 2026· 22m 6s· 2 players
Game mode
Random Map
Map size
Tiny (2 player)
Population
200
Speed
Normal
Resources
Standard
Victory
Conquest
Starting age
Dark Age
Ending age
Imperial Age
RankedLock teamsTeams togetherTeam positionsShared explorationLock speedFull tech treeHidden civsTurbo modeCheats
Victory
Defeat
🇲🇽 Mongols · Mexico
1004
+15
🇨🇿 Romans · Czechia
990
-15
Eletrymus
7:59 Loom
10:53 Feudal Age
11:16 Man-at-Arms
14:52 Double-Bit Axe
21:24 Scale Mail Armor
JLTijs07
5:36 Loom
9:49 Feudal Age
20:17 Castle Age
Connection lost

Rejoining the realm…

Still unreachable

The connection could not be restored.

Session expired

The server has moved on; the page needs a fresh start.